 Dungeon Crawl Stone Soup version 0.18-b1-10-g3f7de93 (webtiles) character file.

105 MTVSty1e the Shield-Bearer (level 4, -1/40 HPs)
             Began as a Hill Orc Fighter on Apr 29, 2016.
             Slain by a worm (9 damage)
             ... on level 3 of the Dungeon.
             The game lasted 00:07:12 (1817 turns).

MTVSty1e the Shield-Bearer (Hill Orc Fighter)       Turns: 1817, Time: 00:07:13

Health: -1/40      AC:  6    Str: 24    XL:     4   Next: 81%
Magic:  4/4        EV:  7    Int:  8    God:
Gold:   112        SH:  9    Dex: 10    Spells: 0 memorised, 3 levels left

rFire  . . .     SeeInvis .     a - +0 war axe
rCold  . . .     Gourm    .     b - +0 scale mail
rNeg   . . .     Faith    .     c - +0 shield
rPois  .         Spirit   .     (no helmet)
rElec  .         Dismiss  .     (no cloak)
rCorr  .         Reflect  .     (no gloves)
SustAt .         Harm     .     (no boots)
MR     .....                    (no amulet)
Stlth  ..........               (no ring)
                                (no ring)

@: mighty, heavily drained, not resistant to hostile enchantments, extremely
unstealthy
A: no striking features
a: no special abilities


You were on level 3 of the Dungeon.
You were not hungry.

You visited 1 branch of the dungeon, and saw 3 of its levels.

You collected 112 gold pieces.

Inventory:

Hand Weapons
 a - a +0 war axe (weapon)
Armour
 b - a +0 scale mail (worn)
 c - a +0 shield (worn)
Jewellery
 t - an uncursed ring of sustain attributes
Scrolls
 e - a scroll of identify
 j - a scroll of immolation {unknown}
 k - a scroll of blinking
 m - a scroll of enchant weapon {unknown}
 n - a scroll of teleportation {unknown}
 s - a scroll of enchant armour {unknown}
 u - a scroll of amnesia {unknown}
Potions
 d - a potion of might
 h - 2 potions of haste {unknown}
 i - a potion of degeneration {unknown}
 o - a potion of heal wounds {unknown}
 p - 2 potions of curing {unknown}
 r - a potion of cancellation {unknown}
Comestibles
 f - 2 bread rations
 g - 2 royal jellies
 l - a meat ration
 q - 2 fruits


   Skills:
 + Level 4.0(2.6) Fighting
 + Level 3.1(1.7) Axes
 + Level 3.7(2.3) Armour
 * Level 2.0(0.7) Dodging
 + Level 4.1(2.7) Shields


You had 3 spell levels left.
You didn't know any spells.

Dungeon Overview and Level Annotations

Branches:
Dungeon (3/15)

Altars:
Fedhas


Message History

Your shield prevents you from hitting the worm.
Your scale mail prevents you from hitting the worm.
The worm is severely wounded.
The orc hits you but does no damage. You block the worm's attack.
The orc hits you with a flail of protection.
Drink which item? (? for menu, Esc to quit)
You feel very mighty all of a sudden. The worm bites you but does no damage.
The orc hits you with a flail of protection.
The worm bites you.
You closely miss the orc.
The orc is heavily wounded.
You slash the worm!
The worm is almost dead.
You slash the worm!
The worm is heavily wounded.
The worm bites you!
* * * LOW HITPOINT WARNING * * *
The orc hits you but does no damage. The worm bites you!
You die...

..............o...####.###†#
.....................#.###.##
................#..).......#
...###...#......#..........#
....###.#..........#
..#...#............#
...................#
.........###########
......w@.# ?.....wo##
........# ......... .........
#......... #.........
#.#........


You could see 2 worms and an orc.

Vanquished Creatures
  An orc wizard (D:2)
  An adder (D:3)
  An ooze (D:3)
  A worm (D:2)
  A dart slug (D:1)
  2 giant geckos
  2 orcs
  3 bats
  4 giant cockroaches
  7 goblins
  5 hobgoblins
  3 jackals (D:2)
  2 quokkas
  A ball python (D:1)
  4 giant newts
  9 kobolds
  5 rats
52 creatures vanquished.

Notes
Turn   | Place    | Note
--------------------------------------------------------------
     0 | D:1      | MTVSty1e the Hill Orc Fighter began the quest for the Orb.
     0 | D:1      | Reached XP level 1. HP: 19/19 MP: 1/1
    84 | D:1      | Reached XP level 2. HP: 26/27 MP: 2/2
   571 | D:2      | Reached XP level 3. HP: 29/33 MP: 3/3
   853 | D:2      | Reached skill level 1 in Dodging
  1209 | D:2      | Reached XP level 4. HP: 17/40 MP: 4/4
  1756 | D:3      | Found a blossoming altar of Fedhas.
  1817 | D:3      | Slain by a worm

Skill      XL: |  1  2  3  4 |
---------------+-------------+-----
Fighting       | 4 |  4.0
Dodging        | 1 2 |  2.0
Shields        | 4 |  4.1
Axes           | 3 |  3.1
Armour         | |  3.7

Action                   |  1- 3 |  4- 6 || total
-------------------------+-------+-------++-------
Melee: War axe           |   142 |    62 ||   204
  Use: Potion            |     1 |     1 ||     2
       Scroll            |       |     3 ||     3
  Eat: Meat ration       |     1 |       ||     1
Armor: Scale mail        |    75 |    29 ||   104
Dodge: Dodged            |    67 |    27 ||    94
Block: Shield            |    73 |    45 ||   118
